 Dungeon Crawl Stone Soup version 0.19.4-9-g45fd643 (webtiles) character file.

405 Maelstr0m the Chopper (level 7, -17/55 HPs)
             Began as a Formicid Fighter on Feb 22, 2017.
             Demolished by an orc
             ... wielding a +0 whip of electrocution
              (20 damage)
             ... on level 4 of the Dungeon.
             The game lasted 00:15:46 (3615 turns).

Maelstr0m the Chopper (Formicid Fighter)            Turns: 3615, Time: 00:15:47

Health: -17/55     AC:  7    Str: 22    XL:     7   Next: 12%
Magic:  7/7        EV:  8    Int:  7    God:
Gold:   168        SH: 10    Dex: 11    Spells: 0 memorised, 6 levels left

rFire  . . .     SeeInvis +     a - +0 war axe
rCold  . . .     Gourm    .     s - +0 scale mail
rNeg   . . .     Faith    .     c - +0 shield
rPois  .         Spirit   .     (helmet unavailable)
rElec  .         Reflect  .     (no cloak)
rCorr  .         Harm     .     (no gloves)
MR     .....                    (no boots)
Stlth  ..........               (no amulet)
                                (no ring)
                                (no ring)

@: no status effects
A: permanent stasis, dig shafts and tunnels, four strong arms, antennae 3
a: Dig, Shaft Self


You were on level 4 of the Dungeon.
You were not hungry.

You visited 1 branch of the dungeon, and saw 4 of its levels.

You collected 168 gold pieces.

Inventory:

Hand Weapons
 a - a +0 war axe (weapon)
 b - a +0 hunting sling
 x - a +0 mace
Missiles
 h - 255 stones (quivered)
 r - 6 tomahawks
 w - a throwing net
 B - 17 sling bullets
Armour
 c - a +0 shield (worn)
 o - a +0 large shield
 s - a +0 scale mail (worn)
Wands
 m - a wand of digging (14/24)
Scrolls
 e - 2 scrolls of fear {unknown}
 i - 2 scrolls of amnesia {unknown}
 j - a scroll of teleportation {unknown}
 q - 3 scrolls of identify
 u - a scroll of remove curse {unknown}
 v - a scroll of random uselessness {unknown}
 y - a scroll of recharging {unknown}
Potions
 d - a potion of might
 g - a potion of mutation {unknown}
 k - a potion of lignification {unknown}
 n - 2 potions of flight
 p - a potion of haste
Comestibles
 f - 3 bread rations
 t - 3 fruits
 A - a beef jerky


   Skills:
 + Level 4.4 Fighting
 * Level 5.1 Axes
 + Level 4.4 Armour
 + Level 5.0 Shields


You had 6 spell levels left.
You didn't know any spells.

Dungeon Overview and Level Annotations

Branches:
Dungeon (4/15)
 Temple: D:4-7

Altars:
Hepliaklqana
Kikubaaqudgha
Okawaru
Ru


Innate Abilities, Weirdness & Mutations

You are under a permanent stasis effect.
You can dig through walls and to a lower floor.
Your four strong arms can wield two-handed weapons with a shield.
You have a pair of large antennae on your head. (SInv)


Message History

You block the orc's attack.
Your scale mail prevents you from hitting the orc priest.
You closely miss the orc. The orc priest hits you with a trident.
* * * LOW HITPOINT WARNING * * *
The orc hits you with a whip of electrocution.
* * * LOW HITPOINT WARNING * * *
The orc priest barely misses you.
You barely miss the orc priest. You closely miss the orc.
The orc barely misses you. The orc priest barely misses you.
You hit the orc priest.
The orc priest is lightly wounded.
You completely miss the orc. You block the orc's attack.
The orc priest closely misses you.
The orc hits you with a whip of electrocution.
* * * LOW HITPOINT WARNING * * *
You barely miss the orc priest.
The orc priest is lightly wounded.
You hit the orc. You block the orc priest's attack.
The orc hits you but does no damage.
You are electrocuted!
You die...

..... ... ....# ... ...#
.... ## #..# ...#
###.##..####...##
#...............#
#...............#
#....o@.......#
#####o####...##
####.o{####+####
+.....)......o..
#............o.o
##.............. ##
#########..####.....##
.####.>.##.##..##########
..#....<..............


You could see an orc priest and 2 orcs.

Vanquished Creatures
  An orc priest (D:4)
  4 orc wizards (D:4)
  Ijyb (D:3)
  Terence (D:3)
  Robin (D:3)
  3 gnolls (D:3)
  6 adders
  2 worms (D:3)
  A dart slug (D:1)
  2 leopard geckos
  10 orcs
  A ball python (D:1)
  6 giant cockroaches
  13 goblins
  17 hobgoblins
  8 jackals (D:2)
  A quokka (D:4)
  3 bats
  4 frilled lizards
  A jackal skeleton (D:4)
  6 kobolds
  A leopard gecko skeleton (D:4)
  11 rats
104 creatures vanquished.

Notes
Turn   | Place    | Note
-------+----------+-------------------------------------------
     0 | D:1      | Maelstr0m the Formicid Fighter began the quest for the Orb.
     0 | D:1      | Reached XP level 1. HP: 18/18 MP: 1/1
   123 | D:1      | You fall through a shaft!
   330 | D:2      | Reached XP level 2. HP: 24/24 MP: 2/2
   739 | D:2      | Reached XP level 3. HP: 29/29 MP: 3/3
   966 | D:2      | Found a sacrificial altar of Ru.
  1247 | D:2      | Reached XP level 4. HP: 37/37 MP: 4/4
  1317 | D:2      | Found an iron altar of Okawaru.
  1322 | D:2      | Found an ancient bone altar of Kikubaaqudgha.
  1326 | D:2      | Found a hazy altar of Hepliaklqana.
  2480 | D:3      | Reached XP level 5. HP: 38/42 MP: 5/5
  2550 | D:3      | Noticed Ijyb
  2562 | D:3      | Killed Ijyb
  2844 | D:3      | Noticed Terence
  2860 | D:3      | Killed Terence
  2860 | D:3      | Reached XP level 6. HP: 39/48 MP: 6/6
  3039 | D:3      | Noticed Robin
  3091 | D:3      | Killed Robin
  3570 | D:4      | Reached skill level 5 in Axes
  3570 | D:4      | Reached skill level 5 in Shields
  3570 | D:4      | Reached XP level 7. HP: 28/55 MP: 7/7
  3615 | D:4      | Demolished by an orc

Skill      XL: |  1  2  3  4  5  6 |
---------------+-------------------+-----
Axes           | 3 4 5 |  5.1
Shields        | 4 5 |  5.0
Fighting       | 4 |  4.4
Armour         | 4 |  4.4

Action                   |  1- 3 |  4- 6 |  7- 9 || total
-------------------------+-------+-------+-------++-------
Melee: War axe           |    85 |   251 |    21 ||   357
Throw: Stone             |       |     2 |       ||     2
  Use: Scroll            |       |       |     1 ||     1
       Potion            |       |       |     1 ||     1
  Eat: Chunk             |       |     9 |       ||     9
Armor: Scale mail        |    52 |    96 |     9 ||   157
Dodge: Dodged            |    35 |    86 |     7 ||   128
Block: Shield            |    42 |   154 |    10 ||   206
